 Dungeon Crawl Stone Soup version 0.28.0-53-g5a82cb258f (webtiles) character file.

Game seed: 13401476638245309989

50 pkoi the Stinger (level 3, -5/26 HPs)
             Began as a Demigod Venom Mage on May 27, 2022.
             Killed from afar by Natasha (8 damage)
             ... with a magic dart
             ... on level 1 of the Dungeon.
             The game lasted 00:01:55 (1810 turns).

pkoi the Stinger (Demigod Venom Mage)               Turns: 1810, Time: 00:01:56

Health: -5/26      AC:  2    Str:  9    XL:     3   Next: 35%
Magic:  4/8        EV: 12    Int: 21    God:
Gold:   47         SH:  0    Dex: 14    Spells: 2/5 levels left

rFire   . . .      SeeInvis .   e - +0 dagger
rCold   . . .      Faith    .   (no shield)
rNeg    . . .      Spirit   .   a - +0 robe
rPois   .          Reflect  .   (no helmet)
rElec   .          Harm     .   (no cloak)
rCorr   .          Rampage  .   (no gloves)
Will    .....                   (no boots)
Stlth   ++........              (no amulet)
HPRegen 0.08/turn               (no ring)
MPRegen 0.11/turn               (no ring)

@: no status effects
A: high MP 1, forlorn, divine attributes
a: no special abilities


You were on level 1 of the Dungeon.
You visited 1 branch of the dungeon, and saw 2 of its levels.

You collected 47 gold pieces.

Inventory:

Hand Weapons
 e - a +0 dagger (weapon)
Armour
 a - a +0 robe (worn)
Scrolls
 c - a scroll of torment {unknown}
 d - a scroll of identify {unknown}
Potions
 b - 4 potions of curing {unknown}


   Skills:
 - Level 1.7 Dodging
 - Level 1.7 Stealth
 - Level 1.7 Spellcasting
 - Level 0.8 Transmutations
 + Level 1.0 Air Magic
 + Level 4.0 Poison Magic


You had 2 spell levels left.
You knew the following spells:

 Your Spells              Type           Power      Damage    Failure   Level
a - Sting                 Tmut/Pois      48%        1d5       5%          1
b - Poisonous Vapours     Pois/Air       24%        N/A       9%          2

Your spell library contained the following spells:

 Spells                   Type           Power      Damage    Failure   Level
 Mephitic Cloud           Conj/Pois/Air  8%         N/A       22%         3
 Olgreb's Toxic Radiance  Pois           18%        N/A       28%         4


Dungeon Overview and Level Annotations

Branches:
Dungeon (2/15)

Annotations:
D:1 Natasha


Innate Abilities, Weirdness & Mutations

You have an increased reservoir of magic. (+10% MP)
You shall have no god before yourself.
Your divine heritage dramatically boosts your attributes as you level up.


Message History

You feel clever. x4
You start resting.
Natasha, Servant of Life and Death comes into view.
She is carrying a wand of flame (27).
Natasha is nearby!
Natasha is nearby!
You start resting.
Magic restored.
You start resting.
Natasha is nearby!
Natasha is nearby!
Natasha is nearby!
Aiming: Sting (safe; 5% risk of failure)
Press: ? - help, Q - select action, (/) - cycle Shift-Dir - straight line, f - Natasha
Aim: Natasha, carrying a wand of flame (27) (wandering, hasn't noticed you, 64% to hit)
The sting hits Natasha.
Natasha is poisoned.
Natasha is moderately wounded.
Natasha hisses angrily.
Natasha zaps a wand.
The puff of flame hits you!
* * * LOW HITPOINT WARNING * * *
Aiming: Sting (safe; 5% risk of failure)
Press: ? - help, Q - select action, (/) - cycle Shift-Dir - straight line, f/p - Natasha
Aim: Natasha, carrying a wand of flame (26) (moderately wounded, poisoned, 64% to hit)
The sting hits Natasha.
Natasha looks even sicker.
Natasha is heavily wounded.
Natasha stares at you and mumbles some strange words.
You resist with some effort.
Aiming: Sting (safe; 5% risk of failure)
Press: ? - help, Q - select action, (/) - cycle Shift-Dir - straight line, f/p - Natasha
Aim: Natasha, carrying a wand of flame (26) (heavily wounded, very poisoned, 64% to hit)
The sting misses Natasha.
Unknown command.
Unknown command.
Aiming: Sting (safe; 5% risk of failure)
Press: ? - help, Q - select action, (/) - cycle Shift-Dir - straight line, f/p - Natasha
Aim: Natasha, carrying a wand of flame (26) (heavily wounded, very poisoned, 64% to hit)
The sting hits Natasha.
Natasha looks even sicker.
Natasha is severely wounded.
Natasha stares at you and mumbles some strange words.
The magic dart hits you!
You die...

.......### #.#
.........# #.#
.........#
#.########
.........#
#.#...†..#
.........#
#.#.####.#
.........# #.#.# #.#
.......†># #.#.# #.#
......h#.### #.#.#
#.# ...........#
#@#.# #.#
...........#####h#.#
#.#
.................#.#
#.#
...........#######.#
#.# .......##### #.#
#.# .......#########
#.# #.#
...............# #.#
#.#
...............###.#
#.#
#####..............#
#.#


You could see Natasha (very poisoned).

Vanquished Creatures
  Natasha (D:1)
  4 endoplasms (D:1)
  2 goblins (D:1)
  A hobgoblin (D:1)
  3 jackals (D:1)
  2 quokkas (D:1)
  3 ball pythons (D:1)
  A bat (D:1)
  2 frilled lizards (D:1)
  4 rats (D:1)
23 creatures vanquished.

Notes
Turn   | Place    | Note
-------+----------+-------------------------------------------
     0 | D:1      | pkoi the Demigod Venom Mage began the quest for the Orb.
     0 | D:1      | Reached XP level 1. HP: 14/14 MP: 5/5
   189 | D:1      | Reached skill level 3 in Poison Magic
   649 | D:1      | Reached XP level 2. HP: 20/20 MP: 4/7
  1635 | D:1      | Learned a level 2 spell: Poisonous Vapours
  1737 | D:2      | Noticed Natasha
  1745 | D:1      | Killed Natasha
  1746 | D:1      | Reached skill level 1 in Air Magic
  1746 | D:1      | Reached skill level 4 in Poison Magic
  1746 | D:1      | Reached XP level 3. HP: 5/26 MP: 2/8
  1769 | D:1      | Noticed Natasha
  1810 | D:1      | Killed from afar by Natasha

Illustrated notes

Levels and vault maps discovered:
D:1:      sevenhm_arrival_forest_fort_small_1, layout_basic,
          ebering_ecumenical_altar_rust
D:2:      layout_rooms, kennysheep_generic_room_4, uniq_natasha

Skill      XL: |  1  2 |
---------------+-------+-----
Poison Magic   | 3 4 |  4.0
Air Magic      | 1 |  1.0
Dodging        | |  1.7
Stealth        | |  1.7
Spellcasting   | |  1.7
Transmutations | |  0.8

Action                   || total
-------------------------++-------
Melee: Unarmed           ||     2
       Dagger            ||     1
       Punch             ||     1
 Cast: Sting             ||    51
 Stab: Sleeping          ||     1
Armor: Robe              ||     5
Dodge: Dodged            ||    14
